 Dungeon Sprint DCSS version 0.21-a0-414-gba8bdf1 (webtiles) character file.

71 Kidiri the Insei (level 4, 0/40 HPs)
             Began as a Draconian Transmuter on Nov 2, 2017.
             Slain by a water elemental (19 damage)
             ... in the Dungeon (Sprint III: "The Ten Rune Challenge").
             The game lasted 00:02:18 (477 turns).

Kidiri the Insei (Draconian Transmuter)              Turns: 477, Time: 00:02:19

Health: 0/40       AC:  2    Str: 12    XL:     4   Next: 5%
Magic:  4/8        EV: 21    Int: 14    God:
Gold:   36         SH:  0    Dex: 17    Spells: 3/9 levels left

rFire    . . .     SeeInvis .     - Unarmed
rCold    . . .     Gourm    .   (shield currently unavailable)
rNeg     . . .     Faith    .   (armour unavailable)
rPois    x         Spirit   .   (helmet currently unavailable)
rElec    .         Reflect  .   (cloak currently unavailable)
rCorr    .         Harm     .   (gloves currently unavailable)
MR       .....     NoTele   +   (boots currently unavailable)
Stlth    ++........             (no amulet)
HPRegen  0.13/turn              (no ring)
MPRegen  0.11/turn              (no ring)

@: spider-form (expiring)
A: unfitting armour, mutation resistance 1, AC +5
a: End Transformation


You were in the Dungeon.
You were not hungry.
You were a venomous arachnid creature.
You visited 1 branch You collected 36 gold pieces.

Inventory:

Missiles
 a - 10 arrows
Scrolls
 i - 2 scrolls of blinking
 j - a scroll of immolation
 k - a scroll of identify
 n - a scroll of torment
 o - 2 scrolls of remove curse
Potions
 d - a potion of curing
 f - a potion of haste
 g - 2 potions of magic
 h - a potion of berserk rage
 m - 3 potions of flight
 q - 4 potions of mutation
Books
 b - a book of Changes

   Spells                             Type                      Level
   a - Beastly Appendage              Transmutation                1
   b - Sticks to Snakes               Transmutation                2
   c - Spider Form                    Transmutation/Poison         3
   d - Ice Form                       Ice/Transmutation            4
   e - Blade Hands                    Transmutation                5
Comestibles
 c - a bread ration
 l - a royal jelly
 p - a meat ration


   Skills:
 * Level 4.0 Fighting
 + Level 2.9 Dodging
 + Level 2.2 Stealth
 * Level 4.7 Unarmed Combat
 + Level 3.0 Spellcasting
 * Level 4.1 Transmutations
 + Level 0.5 Poison Magic


You had 3 spell levels left.
You knew the following spells:

 Your Spells              Type           Power        Failure   Level  Hunger
a - Beastly Appendage     Tmut           ##....       13%         1    #......
b - Sticks to Snakes      Tmut           ##......     17%         2    ##.....
c - Spider Form           Tmut/Pois      #.........   45%         3    ###....


Dungeon Overview and Level Annotations

Branches:
Dungeon (1/1)

Altars:


Innate Abilities, Weirdness & Mutations

((Your plain brown scales are hard. (AC +5)))
You cannot fit into any form of body armour.
((You are cold-blooded and may be slowed by cold attacks.))
((You have very sharp teeth.))
((You have large cloven feet.))
You are somewhat resistant to further mutation.


Message History

The water elemental is severely damaged.
Your ball python completely misses the water elemental.
The water elemental hits you!
The water elemental engulfs you in water!
You barely miss the water elemental.
The water elemental is severely damaged.
Your lungs strain for air!
Your ball python barely misses the water elemental.
The water elemental misses you.
Your ball python bites the water elemental but does no damage.
Unknown command.
With effort, you pull free of the water engulfing you.
You gasp with relief as air once again reaches your lungs.
The water elemental hits your ball python!
Your ball python dies!
The water elemental closely misses you.
You bite the water elemental!
The water elemental is almost destroyed.
The water elemental hits you!!
You die...

▓▓▓▓▓▓▓▓ ▓▓▓ <..#[..####
##.# ...#......#####..#
..##.......#..#..#
##.##.##...#..#..###+#+#
##.##.###..##+#..#......
#.####.##..###...'.⌠....
.###..##..####.E.#...###
#.....##..###...s# ⌠.#
###..##...##.....# .#
##..##....#......# #
#..###..##.#.....# #..#
#..#####....# ▓▓▓▓ ▓▓▓▓
▓▓▓▓▓▓


You could see a water elemental.

Vanquished Creatures
  A scorpion (D)
  A human (D)
  2 oozes (D)
  2 rats (D)
6 creatures vanquished.

Vanquished Creatures (others)
  2 draconian scorchers (D)
  A hydra (D)
  6 hellions (D)
  A yaktaur (D)
  6 plants (D)
16 creatures vanquished.

Grand Total: 22 creatures vanquished

Notes
Turn   | Place    | Note
-------+----------+-------------------------------------------
     0 | D        | Kidiri the Draconian Transmuter began the quest for the Orb.
     0 | D        | Reached XP level 1. HP: 16/16 MP: 3/3
    18 | D        | Reached skill level 1 in Stealth
    18 | D        | Reached XP level 2. HP: 19/24 MP: 3/5
    22 | D        | Learned a level 2 spell: Sticks to Snakes
    95 | D        | Killed a hellion
   107 | D        | Killed a hellion
   107 | D        | Killed a hellion
   109 | D        | Killed a yaktaur
   142 | D        | Noticed a scorpion
   160 | D        | Killed a scorpion
   160 | D        | Reached XP level 3. HP: 7/33 MP: 4/7
   165 | D        | Learned a level 3 spell: Spider Form
   188 | D        | Killed a white draconian scorcher
   190 | D        | Killed a hellion
   192 | D        | Killed a hellion
   192 | D        | Killed a white draconian scorcher
   225 | D        | Killed a hellion
   391 | D        | Killed a six-headed hydra
   409 | D        | Reached XP level 4. HP: 33/40 MP: 5/8
   426 | D        | Gained mutation: You have very sharp teeth. [potion of mutation]
   426 | D        | Gained mutation: Your flesh is cold resistant. (rC+) [potion of mutation]
   427 | D        | Lost mutation: Your flesh is cold resistant. (rC+) [potion of mutation]
   427 | D        | Gained mutation: You have large cloven feet. [potion of mutation]
   427 | D        | Gained mutation: You are somewhat resistant to further mutation. [potion of mutation]
   460 | D        | Noticed a water elemental
   477 | D        | Slain by a water elemental

Vault maps used:
D:        dungeon_sprint_mu

Skill      XL: |  1  2  3 |
---------------+----------+-----
Dodging        | 2 |  2.9
Fighting       | 2 3 4 |  4.0
Stealth        | 1 2 |  2.2
Unarmed Combat | 4 |  4.7
Transmutations | 3 4 |  4.1
Spellcasting   | 3 |  3.0
Poison Magic   | |  0.5

Action                   |  1- 3 |  4- 6 || total
-------------------------+-------+-------++-------
Melee: Unarmed           |    32 |     9 ||    41
       Kick              |     2 |       ||     2
       Tailslap          |     3 |       ||     3
       Headbutt          |     2 |       ||     2
 Cast: Beastly Appendage |     2 |       ||     2
       Sticks to Snakes  |     1 |     1 ||     2
       Spider Form       |     1 |     1 ||     2
  Use: Potion            |       |     3 ||     3
       Scroll            |       |     2 ||     2
 Stab: Sleeping          |     2 |       ||     2
       Distracted        |     1 |       ||     1
Armor: Skin              |     5 |       ||     5
Dodge: Dodged            |    15 |     8 ||    23

Table legend:
 A = Spawn XP
 B = Non-spawn XP
 C = Spawn XP percentage of total XP
 D = Spawn monster count
 E = Non-spawn monster count
 F = Spawn count percentage of total count
 G = Total turns spent on level
                    A         B        C        D         E        F      G
               +---------+---------+-------+---------+---------+-------+---------
         Total |       0 |     102 |   0.0 |       0 |       6 |   0.0 |   477
               +---------+---------+-------+---------+---------+-------+---------
             D |       0 |     102 |   0.0 |       0 |       6 |   0.0 |   477
               +---------+---------+-------+---------+---------+-------+---------
